[Event "SVK Extraliga 2019-20"]
[Site "Slovakia"]
[Date "2020.01.18"]
[Round "5.7"]
[White "Brnusak, Tomas"]
[Black "Sepesi, Samuel"]
[Result "0-1"]
[ECO "B38"]
[WhiteElo "2032"]
[BlackElo "2169"]
[Annotator "ChessBase"]
[PlyCount "68"]
[EventDate "2019.10.19"]
[EventType "team-tourn"]
[EventCountry "SVK"]
[SourceTitle "playchess.com"]
[Source "ChessBase"]
[SourceQuality "1"]
[WhiteTeam "Liptovska"]
[BlackTeam "Snina"]
[TimeControl "40/5400+30:1800+30"]

1. Nf3 c5 2. c4 g6 3. d4 cxd4 4. Nxd4 Nc6 5. e4 Bg7 6. Be3 Nf6 7. Nc3 d6 8. Be2 O-O 9. O-O Bd7 10. h3 Nxd4 11. Bxd4 Bc6 12. Qc2 a5 13. Rad1 Nd7 14. Bxg7 Kxg7 15. Bg4 Nc5 16. e5 f5 17. Be2 f4 18. Nd5 Rf5 19. exd6 exd6 20. Bg4 Re5 21. Rfe1 Rxe1+ 22. Rxe1 Bxd5 23. cxd5 Qf6 24. h4 h5 25. Bh3 Qxh4 26. Qc3+ Kh6 27. b3 Rf8 28. Qxa5 Nd3 29. Rf1 f3 30. Qd2+ Nf4 31. Rc1 g5 32. Qe3 fxg2 33. Bxg2 Qg4 34. Qe4 Ne2+ 0-1

[Event "SVK Extraliga 2019-20"]
[Site "Slovakia"]
[Date "2020.01.18"]
[Round "5.7"]
[White "Striskova, Lucia"]
[Black "Takacs, Laszlo"]
[Result "0-1"]
[ECO "B72"]
[WhiteElo "1645"]
[BlackElo "2185"]
[Annotator "ChessBase"]
[PlyCount "70"]
[EventDate "2019.10.19"]
[EventType "team-tourn"]
[EventCountry "SVK"]
[SourceTitle "playchess.com"]
[Source "ChessBase"]
[SourceQuality "1"]
[WhiteTeam "Bratislava"]
[BlackTeam "Streda"]
[TimeControl "40/5400+30:1800+30"]

1. e4 c5 2. Nf3 d6 3. d4 cxd4 4. Nxd4 Nf6 5. Nc3 g6 6. Be2 Bg7 7. Be3 O-O 8. Qd2 Nc6 9. f3 d5 10. exd5 Nxd5 11. Nxd5 Qxd5 12. Nxc6 Qxc6 13. c3 Bf5 14. O-O Rfd8 15. Qe1 Qa4 16. Bd1 Qb5 17. Qf2 a5 18. a4 Qc4 19. Ra3 Rd7 20. Bb6 Bh6 21. Be2 Qe6 22. Rd1 Rad8 23. Raa1 Rd2 24. Kf1 R8d7 25. Rxd2 Rxd2 26. Re1 Rxb2 27. Bxa5 Bd3 28. g4 Bf4 29. c4 Qxc4 30. Bd8 Bd6 31. Bb6 Bb4 32. Qd4 Bxe2+ 33. Kg1 Qxd4+ 34. Bxd4 Bxe1 35. Bxb2 Bxf3 0-1

[Event "SVK Extraliga 2019-20"]
[Site "Slovakia"]
[Date "2020.01.18"]
[Round "5.8"]
[White "Jurcik, Martin"]
[Black "Bombek, Peter"]
[Result "1-0"]
[ECO "C00"]
[WhiteElo "2372"]
[BlackElo "2165"]
[Annotator "ChessBase"]
[PlyCount "67"]
[EventDate "2019.10.19"]
[EventType "team-tourn"]
[EventCountry "SVK"]
[SourceTitle "playchess.com"]
[Source "ChessBase"]
[SourceQuality "1"]
[WhiteTeam "Zilina"]
[BlackTeam "Dubnica"]
[TimeControl "40/5400+30:1800+30"]

1. e4 e6 2. d4 d5 3. Bd3 c5 4. exd5 exd5 5. Nf3 c4 6. Be2 Nf6 7. b3 cxb3 8. axb3 Bb4+ 9. c3 Bd6 10. Bg5 h6 11. Bh4 O-O 12. O-O Bf5 13. Ne5 Nbd7 14. Nxd7 Bxd7 15. c4 g5 16. Bg3 Bf5 17. Bxd6 Qxd6 18. c5 Qe6 19. Nc3 a6 20. Re1 Rfe8 21. Qd2 Ne4 22. Nxe4 dxe4 23. d5 Qe5 24. Bc4 Rac8 25. b4 Rcd8 26. Qe3 Kg7 27. Rad1 Qb2 28. Qd4+ Qxd4 29. Rxd4 Bg6 30. d6 f5 31. Bxa6 bxa6 32. c6 Re6 33. c7 Ra8 34. d7 1-0

[Event "SVK Extraliga 2019-20"]
[Site "Slovakia"]
[Date "2020.01.18"]
[Round "5.8"]
[White "Borhy, Marcell"]
[Black "Kapolkova, Greta"]
[Result "1-0"]
[ECO "A35"]
[WhiteElo "2215"]
[BlackElo "1493"]
[Annotator "ChessBase"]
[PlyCount "123"]
[EventDate "2019.10.19"]
[EventType "team-tourn"]
[EventCountry "SVK"]
[SourceTitle "playchess.com"]
[Source "ChessBase"]
[SourceQuality "1"]
[WhiteTeam "Streda"]
[BlackTeam "Bratislava"]
[TimeControl "40/5400+30:1800+30"]

1. c4 c5 2. Nf3 Nf6 3. Nc3 Nc6 4. d4 cxd4 5. Nxd4 Nxd4 6. Qxd4 d6 7. e4 g6 8. c5 a6 9. Bg5 Bg7 10. cxd6 Qxd6 11. Qxd6 exd6 12. O-O-O Be6 13. Rxd6 O-O 14. f3 Rac8 15. Kb1 h6 16. Be3 Nd7 17. Be2 h5 18. Nd5 Rfe8 19. Rd1 Be5 20. Rxd7 Bxd7 21. Nb6 Bc6 22. Nxc8 Rxc8 23. g3 Re8 24. Bc4 Re7 25. Rd2 Bg7 26. Bg5 Rd7 27. Rxd7 Bxd7 28. Bd5 Bc8 29. Kc2 Kf8 30. Bd2 Ke7 31. Bb4+ Ke8 32. Bc3 Bh6 33. Kd3 f5 34. exf5 Bxf5+ 35. Kc4 Bc8 36. Kc5 Kd7 37. Bf7 Be3+ 38. Bd4 b6+ 39. Kc4 Bxd4 40. Kxd4 Bb7 41. Ke3 g5 42. Bxh5 Ke6 43. f4 Kf5 44. fxg5 Kxg5 45. Bf3 Bc8 46. Kd4 Be6 47. a3 Kf6 48. Ke4 a5 49. Kf4 b5 50. g4 b4 51. g5+ Kg6 52. axb4 axb4 53. h4 Bc4 54. h5+ Kg7 55. Kf5 Bd3+ 56. Be4 Bb5 57. h6+ Kg8 58. Kf6 Be8 59. Bg6 Bc6 60. Bf7+ Kh8 61. g6 Be4 62. g7+ 1-0

[Event "SVK Extraliga 2019-20"]
[Site "Slovakia"]
[Date "2020.01.18"]
[Round "5.8"]
[White "Klemanic, Emil"]
[Black "Kusiak, Matej"]
[Result "0-1"]
[ECO "B19"]
[WhiteElo "2099"]
[BlackElo "2245"]
[Annotator "ChessBase"]
[PlyCount "94"]
[EventDate "2019.10.19"]
[EventType "team-tourn"]
[EventCountry "SVK"]
[SourceTitle "playchess.com"]
[Source "ChessBase"]
[SourceQuality "1"]
[WhiteTeam "Košice"]
[BlackTeam "Prakovce"]
[TimeControl "40/5400+30:1800+30"]

1. e4 c6 2. d4 d5 3. Nc3 dxe4 4. Nxe4 Bf5 5. Ng3 Bg6 6. Nf3 Nd7 7. h4 h6 8. h5 Bh7 9. Bd3 Bxd3 10. Qxd3 Ngf6 11. Bd2 e6 12. O-O-O Bd6 13. Ne4 Nxe4 14. Qxe4 Nf6 15. Qh4 Qc7 16. c4 O-O-O 17. Bc3 Bf4+ 18. Bd2 Bxd2+ 19. Rxd2 Qa5 20. a3 Qf5 21. Re1 Qxh5 22. Qf4 Qf5 23. Qe3 Rhe8 24. Qc3 Ne4 25. Rxe4 Qxe4 26. Qa5 Kb8 27. Qb4 f6 28. a4 g5 29. a5 a6 30. d5 exd5 31. Nd4 dxc4 32. Qxc4 Qd5 33. Qc3 Re1+ 34. Kc2 Qe4+ 35. Kb3 Rc8 36. f3 Qd5+ 37. Kc2 c5 38. Ne2 Qa2 39. Nc1 Qa1 40. Rd1 Rxd1 41. Kxd1 Qa4+ 42. Ke2 Re8+ 43. Kd3 c4+ 44. Kd2 Rd8+ 45. Ke3 Qc6 46. Kf2 Qc5+ 47. Kf1 Qd4 0-1

[Event "SVK Extraliga 2019-20"]
[Site "Slovakia"]
[Date "2020.01.18"]
[Round "5.8"]
[White "Pcola, Jaroslav"]
[Black "Macko, Michal"]
[Result "0-1"]
[ECO "A04"]
[WhiteElo "2073"]
[BlackElo "2168"]
[Annotator "ChessBase"]
[PlyCount "49"]
[EventDate "2019.10.19"]
[EventType "team-tourn"]
[EventCountry "SVK"]
[SourceTitle "playchess.com"]
[Source "ChessBase"]
[SourceQuality "1"]
[WhiteTeam "Snina"]
[BlackTeam "Liptovska"]
[TimeControl "40/5400+30:1800+30"]

1. Nf3 d5 2. g3 Nf6 3. Bg2 c5 4. c4 Nc6 5. cxd5 Nxd5 6. O-O e5 7. d3 Be7 8. Nc3 Nc7 9. b3 Rb8 10. Bb2 O-O 11. Qd2 h6 12. Rfc1 b6 13. e3 Ba6 14. Rd1 f5 15. Ne2 Qd6 16. Ne1 Bf6 17. f4 Rbd8 18. fxe5 Nxe5 19. d4 Ng4 20. Nc2 Rfe8 21. Nf4 g5 22. Nh3 cxd4 23. Bxd4 Ne6 24. Nf2 Nxd4 25. Nxg4 0-1

[Event "SVK Extraliga 2019-20"]
[Site "Slovakia"]
[Date "2020.01.18"]
[Round "5.8"]
[White "Magat, Jozef"]
[Black "Federic, Jozef"]
[Result "1/2-1/2"]
[ECO "D35"]
[WhiteElo "2053"]
[BlackElo "2223"]
[Annotator "ChessBase"]
[PlyCount "67"]
[EventDate "2019.10.19"]
[EventType "team-tourn"]
[EventCountry "SVK"]
[SourceTitle "playchess.com"]
[Source "ChessBase"]
[SourceQuality "1"]
[WhiteTeam "Dunajov"]
[BlackTeam "Modra "]
[WhiteTeamCountry "SVK"]
[BlackTeamCountry "SVK"]
[TimeControl "40/5400+30:1800+30"]

1. d4 d5 2. Nf3 Nf6 3. c4 e6 4. Nc3 c6 5. cxd5 exd5 6. Bg5 Be7 7. e3 h6 8. Bh4 Bf5 9. Bd3 Bxd3 10. Qxd3 Nbd7 11. O-O O-O 12. Rfe1 Re8 13. a3 a5 14. Nd2 a4 15. Qc2 Qa5 16. f3 c5 17. dxc5 Bxc5 18. Bf2 Qa7 19. Nf1 Qa6 20. Rad1 Qc6 21. Qd3 Ne5 22. Qb5 Nc4 23. Re2 Ra5 24. Qxc6 bxc6 25. e4 Bxf2+ 26. Kxf2 Rb8 27. exd5 cxd5 28. Rd4 Nxb2 29. Ne3 Rb3 30. Nexd5 Nxd5 31. Nxd5 Rd3 32. Rxb2 Rxd4 33. Ne7+ Kh7 34. Nc6 1/2-1/2

[Event "SVK Extraliga 2019-20"]
[Site "Slovakia"]
[Date "2020.01.19"]
[Round "6.1"]
[White "Aczel, Gergely"]
[Black "Sahidi, Samir"]
[Result "1/2-1/2"]
[ECO "E42"]
[WhiteElo "2510"]
[BlackElo "2396"]
[Annotator "ChessBase"]
[PlyCount "205"]
[EventDate "2019.10.19"]
[EventType "team-tourn"]
[EventCountry "SVK"]
[SourceTitle "playchess.com"]
[Source "ChessBase"]
[SourceQuality "1"]
[WhiteTeam "Podhajska"]
[BlackTeam "Bratislava"]
[TimeControl "40/5400+30:1800+30"]

1. d4 Nf6 2. c4 e6 3. Nc3 Bb4 4. e3 c5 5. Nge2 cxd4 6. exd4 d5 7. a3 Be7 8. Nf4 dxc4 9. Bxc4 O-O 10. O-O Nbd7 11. Re1 Nb6 12. Ba2 Bd7 13. d5 exd5 14. Nfxd5 Nfxd5 15. Nxd5 Bf6 16. Nxf6+ Qxf6 17. Be3 Rad8 18. Qh5 h6 19. h3 Bc6 20. b4 Rfe8 21. Rad1 Rc8 22. b5 Be4 23. Bd4 Qf4 24. Be3 Qf6 25. Bd4 Qf4 26. Qg4 Qxg4 27. hxg4 Bd5 28. Rxe8+ Rxe8 29. Bxd5 Nxd5 30. Bxg7 Kxg7 31. Rxd5 Re1+ 32. Kh2 Ra1 33. g5 Rxa3 34. gxh6+ Kxh6 35. Rd7 Kg7 36. Rxb7 Ra5 37. g4 a6 38. b6 Rb5 39. f4 a5 40. Kg3 a4 41. g5 a3 42. Kg4 a2 43. Ra7 Rxb6 44. Rxa2 Rb4 45. Ra5 Kg6 46. Ra6+ Kg7 47. Rf6 Rb1 48. Rd6 Rg1+ 49. Kf5 Ra1 50. Rd4 Re1 51. Rd2 Rb1 52. Ke4 Re1+ 53. Kf3 Rf1+ 54. Ke3 Kg6 55. Rc2 Re1+ 56. Kf2 Re6 57. Kf3 f6 58. Kg4 f5+ 59. Kh4 Rd6 60. Rc8 Ra6 61. Rf8 Rb6 62. Kg3 Ra6 63. Kf2 Rb6 64. Ke3 Ra6 65. Kd3 Ra3+ 66. Kd2 Ra6 67. Kc3 Re6 68. Kd3 Ra6 69. Ke2 Re6+ 70. Kf1 Ra6 71. Kg2 Rb6 72. Kh3 Ra6 73. Kh4 Rb6 74. Re8 Ra6 75. Re5 Rb6 76. Rd5 Ra6 77. Rc5 Rb6 78. Kg3 Ra6 79. Kf3 Re6 80. Kg2 Rb6 81. Kf2 Re6 82. Kf3 Ra6 83. Ke3 Rd6 84. Ke2 Ra6 85. Kd3 Re6 86. Rc1 Rd6+ 87. Ke3 Re6+ 88. Kf3 Ra6 89. Kg3 Ra3+ 90. Kh4 Ra6 91. Rc8 Rb6 92. Rh8 Kg7 93. Rh5 Rb3 94. Rh6 Rf3 95. Ra6 Rxf4+ 96. Kh5 Rc4 97. Ra7+ Kg8 98. Kh6 Rc8 99. Rg7+ Kh8 100. Rf7 f4 101. Rxf4 Kg8 102. Rf6 Rb8 103. g6 1/2-1/2

[Event "SVK Extraliga 2019-20"]
[Site "Slovakia"]
[Date "2020.01.19"]
[Round "6.1"]
[White "Antoniewski, Rafal"]
[Black "Cernousek, Lukas"]
[Result "1/2-1/2"]
[ECO "C42"]
[WhiteElo "2486"]
[BlackElo "2447"]
[Annotator "ChessBase"]
[PlyCount "28"]
[EventDate "2019.10.19"]
[EventType "team-tourn"]
[EventCountry "SVK"]
[SourceTitle "playchess.com"]
[Source "ChessBase"]
[SourceQuality "1"]
[WhiteTeam "Dunajov"]
[BlackTeam "Dubnica"]
[TimeControl "40/5400+30:1800+30"]

1. e4 e5 2. Nf3 Nf6 3. Nxe5 d6 4. Nf3 Nxe4 5. Nc3 Nf6 6. d4 Be7 7. h3 O-O 8. Bd3 b6 9. O-O Re8 10. d5 Bb7 11. Re1 a6 12. a4 Nbd7 13. Bf1 Bf8 14. Bf4 Rxe1 1/2-1/2

[Event "SVK Extraliga 2019-20"]
[Site "Slovakia"]
[Date "2020.01.19"]
[Round "6.1"]
[White "Petenyi, Tamas"]
[Black "Banusz, Tamas"]
[Result "1/2-1/2"]
[ECO "A00"]
[WhiteElo "2428"]
[BlackElo "2620"]
[Annotator "ChessBase"]
[PlyCount "116"]
[EventDate "2019.10.19"]
[EventType "team-tourn"]
[EventCountry "SVK"]
[SourceTitle "playchess.com"]
[Source "ChessBase"]
[SourceQuality "1"]
[WhiteTeam "Streda"]
[BlackTeam "Slovan"]
[TimeControl "40/5400+30:1800+30"]

1. g3 d5 2. Bg2 c6 3. Nf3 g6 4. O-O Bg7 5. d4 Nf6 6. Bf4 O-O 7. Qc1 Bf5 8. c3 Nbd7 9. Bh6 Bxh6 10. Qxh6 Qb6 11. b3 Bxb1 12. Rfxb1 c5 13. Rd1 Rfc8 14. Ng5 Nf8 15. e3 cxd4 16. Rxd4 Rxc3 17. Bxd5 Nxd5 18. Rxd5 Rd8 19. Rxd8 Qxd8 20. Qh4 Rc7 21. Qg4 Qd7 22. Qxd7 Nxd7 23. Nf3 e5 24. Rd1 Kf8 25. Kf1 Ke7 26. Ke2 e4 27. Ng5 Nf6 28. Rd4 Rc2+ 29. Kf1 Rxa2 30. Nxe4 Nxe4 31. Rxe4+ Kd6 32. Rd4+ Kc6 33. Rc4+ Kb6 34. Rb4+ Ka6 35. Rf4 f5 36. g4 fxg4 37. e4 Kb6 38. Rxg4 Kc5 39. Rh4 Rb2 40. Rh3 Kd4 41. Re3 Ke5 42. h4 Rd2 43. Kg2 Rd4 44. f3 Kf4 45. Re2 Rd7 46. b4 a6 47. b5 a5 48. b6 Rd6 49. Ra2 Rxb6 50. Rxa5 Rb2+ 51. Kh3 Kxf3 52. e5 Kf4 53. e6 Rb3+ 54. Kg2 Rb6 55. Ra7 Rb2+ 56. Kh3 Rb3+ 57. Kg2 Rb2+ 58. Kh3 Rb3+ 1/2-1/2

[Event "SVK Extraliga 2019-20"]
[Site "Slovakia"]
[Date "2020.01.19"]
[Round "6.2"]
[White "Antal, Gergely"]
[Black "Nemeth, Miklos"]
[Result "1/2-1/2"]
[ECO "C54"]
[WhiteElo "2563"]
[BlackElo "2500"]
[Annotator "ChessBase"]
[PlyCount "93"]
[EventDate "2019.10.19"]
[EventType "team-tourn"]
[EventCountry "SVK"]
[SourceTitle "playchess.com"]
[Source "ChessBase"]
[SourceQuality "1"]
[WhiteTeam "Slovan"]
[BlackTeam "Streda"]
[TimeControl "40/5400+30:1800+30"]

1. e4 e5 2. Nf3 Nc6 3. Bc4 Bc5 4. c3 Nf6 5. d4 exd4 6. e5 d5 7. Be2 Ne4 8. cxd4 Bb4+ 9. Bd2 Nxd2 10. Nbxd2 O-O 11. O-O Bf5 12. Nb3 a5 13. a3 Be7 14. Rc1 f6 15. Nc5 Bxc5 16. Rxc5 Ne7 17. Qb3 c6 18. h3 a4 19. Qb4 Ra7 20. exf6 Rxf6 21. Ne5 Ng6 22. Re1 Nxe5 23. dxe5 Rg6 24. Rc3 b6 25. Bh5 Rh6 26. e6 c5 27. Bf7+ Kf8 28. Qb5 Re7 29. Rf3 Rf6 30. g4 Bxe6 31. Rxf6 Bd7 32. Qf1 Rxe1 33. Qxe1 Qxf6 34. Bxd5 Qxb2 35. Qe3 Qf6 36. f4 Bc6 37. Bxc6 Qxc6 38. Qd3 c4 39. Qxh7 c3 40. Qc2 b5 41. Kf2 Qc4 42. Ke3 b4 43. Qf5+ Kg8 44. Qd7 c2 45. Qe8+ Kh7 46. Qh5+ Kg8 47. Qe8+ 1/2-1/2

[Event "SVK Extraliga 2019-20"]
[Site "Slovakia"]
[Date "2020.01.19"]
[Round "6.2"]
[White "Ponizil, Cyril"]
[Black "Smolen, Jan"]
[Result "1-0"]
[ECO "C05"]
[WhiteElo "2502"]
[BlackElo "2422"]
[Annotator "ChessBase"]
[PlyCount "89"]
[EventDate "2019.10.19"]
[EventType "team-tourn"]
[EventCountry "SVK"]
[SourceTitle "playchess.com"]
[Source "ChessBase"]
[SourceQuality "1"]
[WhiteTeam "Dubnica"]
[BlackTeam "Dunajov"]
[TimeControl "40/5400+30:1800+30"]

1. e4 e6 2. d4 d5 3. Nd2 Nf6 4. e5 Nfd7 5. Bd3 c5 6. c3 Nc6 7. Ne2 a5 8. O-O a4 9. a3 cxd4 10. cxd4 Nb6 11. Nb1 Na5 12. Nbc3 Bd7 13. Bc2 Nac4 14. Nf4 g6 15. Nd3 Qc7 16. Rb1 Bg7 17. Re1 O-O 18. Bf4 Rfc8 19. Nc5 Bf8 20. N5xa4 Nxa4 21. Nxa4 Bb5 22. Bb3 Qc6 23. Bxc4 Bxc4 24. Nc3 Qb6 25. Qd2 Bb3 26. Rbc1 Rc4 27. Be3 Qc6 28. Ne2 Bc2 29. Bh6 Be7 30. Nc3 Bb3 31. Re3 b5 32. Rf3 b4 33. axb4 Bxb4 34. Qf4 Qe8 35. h4 Bf8 36. Bxf8 Qxf8 37. h5 Rb8 38. Ra1 Rc7 39. hxg6 hxg6 40. Rh3 Rcb7 41. Kh2 Bc2 42. Rh1 Qg7 43. Qf6 Bf5 44. Rh4 g5 45. Rh6 1-0

[Event "SVK Extraliga 2019-20"]
[Site "Slovakia"]
[Date "2020.01.19"]
[Round "6.2"]
[White "Rojicek, Vojtech"]
[Black "Vetoshko, Volodymyr"]
[Result "0-1"]
[ECO "D30"]
[WhiteElo "2383"]
[BlackElo "2502"]
[Annotator "ChessBase"]
[PlyCount "50"]
[EventDate "2019.10.19"]
[EventType "team-tourn"]
[EventCountry "SVK"]
[SourceTitle "playchess.com"]
[Source "ChessBase"]
[SourceQuality "1"]
[WhiteTeam "Liptovska"]
[BlackTeam "Košice"]
[TimeControl "40/5400+30:1800+30"]

1. d4 d5 2. c4 e6 3. Nf3 a6 4. g3 dxc4 5. Bg2 b5 6. O-O Bb7 7. a4 Nd7 8. b3 cxb3 9. Qxb3 b4 10. a5 Ngf6 11. Qa4 Rb8 12. Bg5 Be7 13. Bxf6 Bxf6 14. Nbd2 O-O 15. Rfd1 c5 16. Rac1 cxd4 17. Nb3 e5 18. Bh3 Bd5 19. Rc6 Qe7 20. Rc7 Nc5 21. Nxc5 Qxc7 22. Nxa6 Qc3 23. Nxb8 Bb3 24. Qb5 Bxd1 25. a6 e4 0-1

[Event "SVK Extraliga 2019-20"]
[Site "Slovakia"]
[Date "2020.01.19"]
[Round "6.2"]
[White "Macko, Miroslav"]
[Black "Gazik, Viktor"]
[Result "0-1"]
[ECO "A05"]
[WhiteElo "2264"]
[BlackElo "2501"]
[Annotator "ChessBase"]
[PlyCount "82"]
[EventDate "2019.10.19"]
[EventType "team-tourn"]
[EventCountry "SVK"]
[SourceTitle "playchess.com"]
[Source "ChessBase"]
[SourceQuality "1"]
[WhiteTeam "Bratislava"]
[BlackTeam "Podhajska"]
[TimeControl "40/5400+30:1800+30"]

1. Nf3 Nf6 2. c4 Nc6 3. d4 d6 4. g3 g6 5. Bg2 Bg7 6. O-O O-O 7. Nc3 a6 8. b3 Rb8 9. a4 Bf5 10. Ba3 a5 11. d5 Nb4 12. Nd4 Qd7 13. Re1 Bh3 14. Rc1 Bxg2 15. Kxg2 c6 16. e4 Qc7 17. f4 Nd7 18. Nf3 Nc5 19. Bxb4 axb4 20. Na2 Qa5 21. dxc6 bxc6 22. Qc2 Nxa4 23. e5 Nc5 24. Rcd1 Rfd8 25. Nc1 dxe5 26. fxe5 Ra8 27. Nd4 Qc7 28. Nf3 Rxd1 29. Qxd1 Rd8 30. Qc2 Qd7 31. Qf2 Ne6 32. Ne2 Bh6 33. Qb6 c5 34. Nc1 Bxc1 35. Rxc1 Qd3 36. Rf1 Qxb3 37. Qa6 Qc2+ 38. Rf2 Qe4 39. Qa2 Rd3 40. Qe2 Qxe2 41. Rxe2 Rxf3 0-1

[Event "SVK Extraliga 2019-20"]
[Site "Slovakia"]
[Date "2020.01.19"]
[Round "6.3"]
[White "Kriebel, Tadeas"]
[Black "Leniart, Arkadiusz"]
[Result "1/2-1/2"]
[ECO "E04"]
[WhiteElo "2517"]
[BlackElo "2505"]
[Annotator "ChessBase"]
[PlyCount "95"]
[EventDate "2019.10.19"]
[EventType "team-tourn"]
[EventCountry "SVK"]
[SourceTitle "playchess.com"]
[Source "ChessBase"]
[SourceQuality "1"]
[WhiteTeam "Snina"]
[BlackTeam "Prakovce"]
[TimeControl "40/5400+30:1800+30"]

1. d4 Nf6 2. c4 e6 3. g3 d5 4. Bg2 dxc4 5. Nf3 Nc6 6. Qa4 Bb4+ 7. Bd2 Nd5 8. Bxb4 Ndxb4 9. O-O Rb8 10. Nc3 Bd7 11. a3 b5 12. Nxb5 a6 13. axb4 axb5 14. Qa3 Qe7 15. b3 cxb3 16. Qxb3 Qxb4 17. Qxb4 Nxb4 18. Rfc1 Nc6 19. e3 Ke7 20. Nd2 Rb6 21. Nb3 Rc8 22. Kf1 Nd8 23. Ke2 Bc6 24. e4 b4 25. Ke3 Nb7 26. Ra7 Nd6 27. d5 exd5 28. exd5 Nb5 29. Ra5 Bd7 30. Nc5 Re8 31. Kd2 Nc3 32. Nd3 Kd6 33. Nxb4 Ne4+ 34. Bxe4 Rxe4 35. Nd3 Bb5 36. Rc5 Bxd3 37. Kxd3 Reb4 38. Rc3 Rb2 39. Ke3 R2b5 40. Rxb5 Rxb5 41. Rc6+ Kd7 42. Ke4 Rb2 43. Ke3 Rb1 44. h4 Rd1 45. Rc5 Kd6 46. Rc6+ Kd7 47. Rc5 Kd6 48. Ke4 {Ke5+} 1/2-1/2

[Event "SVK Extraliga 2019-20"]
[Site "Slovakia"]
[Date "2020.01.19"]
[Round "6.3"]
[White "Horvath, Csaba"]
[Black "Karas, Marek"]
[Result "1-0"]
[ECO "A05"]
[WhiteElo "2514"]
[BlackElo "2232"]
[Annotator "ChessBase"]
[PlyCount "89"]
[EventDate "2019.10.19"]
[EventType "team-tourn"]
[EventCountry "SVK"]
[SourceTitle "playchess.com"]
[Source "ChessBase"]
[SourceQuality "1"]
[WhiteTeam "Podhajska"]
[BlackTeam "Bratislava"]
[TimeControl "40/5400+30:1800+30"]

1. Nf3 Nf6 2. c4 e6 3. g3 d5 4. b3 b6 5. Bg2 Bb7 6. cxd5 exd5 7. O-O Bd6 8. Bb2 O-O 9. Nc3 a6 10. e3 Re8 11. Qc2 Nbd7 12. Rac1 Nf8 13. Nd4 g6 14. Na4 c5 15. Ne2 N8d7 16. d4 Rc8 17. dxc5 bxc5 18. Rfd1 Qe7 19. Nec3 Qe6 20. Qd2 Ne5 21. Nb6 d4 22. Bxb7 Rb8 23. exd4 cxd4 24. Qxd4 Bc7 25. Qf4 Bxb6 26. Bd5 Qf5 27. Qxf5 gxf5 28. Na4 f4 29. gxf4 Neg4 30. Nxb6 Rxb6 31. Bf3 h5 32. h3 Nh6 33. Rc5 Kh7 34. Kh2 Ne4 35. Re5 Rxe5 36. fxe5 f5 37. Rd7+ Kg6 38. Bd4 Rc6 39. Bxe4 fxe4 40. Rd6+ Rxd6 41. exd6 Kf7 42. Bc5 Ke6 43. Kg3 Ng8 44. Kf4 Nf6 45. b4 1-0

[Event "SVK Extraliga 2019-20"]
[Site "Slovakia"]
[Date "2020.01.19"]
[Round "6.3"]
[White "Nayhebaver, Martin"]
[Black "Haring, Filip"]
[Result "1-0"]
[ECO "E53"]
[WhiteElo "2473"]
[BlackElo "2307"]
[Annotator "ChessBase"]
[PlyCount "63"]
[EventDate "2019.10.19"]
[EventType "team-tourn"]
[EventCountry "SVK"]
[SourceTitle "playchess.com"]
[Source "ChessBase"]
[SourceQuality "1"]
[WhiteTeam "Košice"]
[BlackTeam "Liptovska"]
[TimeControl "40/5400+30:1800+30"]

1. d4 Nf6 2. c4 e6 3. Nc3 Bb4 4. e3 O-O 5. Bd3 d5 6. Nf3 c5 7. O-O cxd4 8. exd4 dxc4 9. Bxc4 b6 10. Bg5 Bb7 11. Qe2 Be7 12. Rad1 Nbd7 13. Rfe1 Bb4 14. Ne5 Qc8 15. Nxd7 Nxd7 16. Bb3 Re8 17. Qg4 Nf8 18. Re3 Bxc3 19. Rxc3 Qd7 20. d5 exd5 21. Qxd7 Nxd7 22. Ba4 Nc5 23. Bxe8 Rxe8 24. Be3 Ne6 25. f3 Kf8 26. Bd4 Rd8 27. f4 Nxf4 28. Rc7 Bc8 29. Rxa7 Bg4 30. Bxb6 Rb8 31. Bc5+ Kg8 32. Rd2 1-0

[Event "SVK Extraliga 2019-20"]
[Site "Slovakia"]
[Date "2020.01.19"]
[Round "6.3"]
[White "Rigo, Zsolt"]
[Black "Ftacnik, Lubomir"]
[Result "0-1"]
[ECO "B90"]
[WhiteElo "2401"]
[BlackElo "2516"]
[Annotator "ChessBase"]
[PlyCount "60"]
[EventDate "2019.10.19"]
[EventType "team-tourn"]
[EventCountry "SVK"]
[SourceTitle "playchess.com"]
[Source "ChessBase"]
[SourceQuality "1"]
[WhiteTeam "Streda"]
[BlackTeam "Slovan"]
[TimeControl "40/5400+30:1800+30"]

1. e4 c5 2. Nf3 d6 3. d4 cxd4 4. Nxd4 Nf6 5. Nc3 a6 6. a4 g6 7. Be2 Bg7 8. O-O O-O 9. Re1 Nc6 10. Nb3 Be6 11. Bf1 Rc8 12. Nd5 Bxd5 13. exd5 Nb4 14. c4 b5 15. Qd2 bxc4 16. Qxb4 cxb3 17. Qxb3 Nd7 18. a5 Rb8 19. Qa3 Nc5 20. Bc4 Qd7 21. h3 Qf5 22. Ra2 Rfc8 23. Be3 Qe4 24. b3 Nd3 25. Rd1 Nb2 26. Rxb2 Bxb2 27. Qa2 Rxc4 28. bxc4 Be5 29. Qa4 Rb1 30. Bh6 Qe1+ 0-1

[Event "SVK Extraliga 2019-20"]
[Site "Slovakia"]
[Date "2020.01.20"]
[Round "6.4"]
[White "Stohl, Igor"]
[Black "Bernasek, Jan"]
[Result "1/2-1/2"]
[ECO "D32"]
[WhiteElo "2473"]
[BlackElo "2495"]
[Annotator "ChessBase"]
[PlyCount "22"]
[EventDate "2019.10.19"]
[EventType "team-tourn"]
[EventCountry "SVK"]
[SourceTitle "playchess.com"]
[Source "ChessBase"]
[SourceQuality "1"]
[WhiteTeam "Modra"]
[BlackTeam "Zilina"]
[WhiteTeamCountry "SVK"]
[BlackTeamCountry "CZE"]
[TimeControl "40/5400+30:1800+30"]

1. d4 d5 2. c4 e6 3. Nc3 c5 4. cxd5 cxd4 5. Qa4+ Bd7 6. Qxd4 exd5 7. Nf3 Nc6 8. Qd1 Nf6 9. e3 Bb4 10. Bd2 O-O 11. Be2 a6 1/2-1/2

[Event "SVK Extraliga 2019-20"]
[Site "Slovakia"]
[Date "2020.01.19"]
[Round "6.4"]
[White "Malinovsky, Karel"]
[Black "Bagi, Mate"]
[Result "0-1"]
[ECO "C92"]
[WhiteElo "2454"]
[BlackElo "2466"]
[Annotator "ChessBase"]
[PlyCount "182"]
[EventDate "2019.10.19"]
[EventType "team-tourn"]
[EventCountry "SVK"]
[SourceTitle "playchess.com"]
[Source "ChessBase"]
[SourceQuality "1"]
[WhiteTeam "Slovan"]
[BlackTeam "Streda"]
[TimeControl "40/5400+30:1800+30"]

1. e4 e5 2. Nf3 Nc6 3. Bb5 a6 4. Ba4 Nf6 5. O-O Be7 6. Re1 b5 7. Bb3 d6 8. c3 O-O 9. h3 a5 10. d4 a4 11. Bc2 Bd7 12. Bd3 Qb8 13. Na3 exd4 14. cxd4 Nb4 15. Bf1 d5 16. Ne5 Be8 17. Bg5 dxe4 18. Bxf6 Bxf6 19. Rxe4 Qb7 20. Qe1 Nd5 21. Nc2 Rd8 22. g3 Bd7 23. Nxd7 Rxd7 24. Na3 c6 25. Bg2 Qb6 26. Rd1 g6 27. Nc2 Rfd8 28. Re8+ Kg7 29. Rxd8 Rxd8 30. b3 axb3 31. axb3 Ne7 32. Qe4 c5 33. d5 Nf5 34. Ne3 Nxe3 35. Qxe3 Qd6 36. Bf1 Bd4 37. Qf3 Qxd5 38. Qxd5 Rxd5 39. Kg2 b4 40. Rd2 Rd7 41. h4 Ra7 42. Bc4 Bc3 43. Re2 Rd7 44. Ra2 h6 45. Re2 Kf6 46. Kf3 h5 47. Kg2 Rd4 48. Re3 Rd7 49. Re2 Ra7 50. Kf3 Bd4 51. Kg2 Ra1 52. Re4 Ra7 53. Re2 Kg7 54. Re8 Rd7 55. Bb5 Rc7 56. Bc4 Bf6 57. Bd5 Rd7 58. Bc4 Rd2 59. Re2 Rd4 60. Re8 Rd7 61. Rc8 Bd4 62. Re8 Kf6 63. Bb5 Ra7 64. Bc4 Be5 65. Rc8 Bd4 66. Re8 Kg7 67. Kf3 Bf6 68. Rc8 Be7 69. Rb8 Rd7 70. Bb5 Ra7 71. Bc4 Bd6 72. Rb6 Be5 73. Bd5 Bd4 74. Rb7 Rxb7 75. Bxb7 c4 76. Bd5 c3 77. Be4 f6 78. Bc2 g5 79. g4 gxh4 80. gxh5 f5 81. Bxf5 Kf6 82. Bc2 Kg5 83. Bg6 Be5 84. Bd3 Kxh5 85. Kg2 Kg4 86. Be2+ Kf4 87. Bd1 Bd4 88. Bc2 Bxf2 89. Kxf2 h3 90. Bh7 h2 91. Kg2 Ke3 0-1